[Event "Queens Festival Europe 2022"]
[Site "Tornelo"]
[Date "2022.06.19"]
[Round "2.4"]
[White "Head, Louise"]
[Black "Amrayeva, Aytan"]
[Result "1/2-1/2"]
[ECO "D36"]
[WhiteElo "2025"]
[BlackElo "2143"]
[Annotator "NA RC"]
[PlyCount "124"]
[EventDate "2022.06.19"]
[EventType "swiss"]
[EventCountry "NET"]
[SourceTitle "playchess.com"]
[Source "ChessBase"]
[SourceQuality "1"]
[TimeControl "180+2"]

1. d4 e6 2. c4 Nf6 3. Nf3 d5 4. Nc3 c6 5. cxd5 exd5 6. Bg5 Be7 7. Qc2 Nbd7 8. e3 O-O 9. Bd3 Re8 10. O-O Nf8 11. Bxf6 Bxf6 12. b4 a6 13. a4 Qd6 14. b5 axb5 15. axb5 Rxa1 16. Rxa1 c5 17. dxc5 Qxc5 18. Rc1 Bg4 19. Ne2 Qa3 20. Qd1 Ra8 21. h3 Bd7 22. Nfd4 Qd6 23. Ra1 Rc8 24. Rc1 Ra8 25. Ra1 Re8 26. Ra2 Bd8 27. Qc2 Bc7 28. Nf4 g5 29. Nh5 Qh2+ 30. Kf1 Be5 31. Bf5 Qh1+ 32. Ke2 Qxg2 33. Bxd7 Nxd7 34. Qf5 Nf8 35. Nf3 Bg7 36. Nxg7 Kxg7 37. Qxd5 Ng6 38. Qxg5 Qxg5 39. Nxg5 h6 40. Nf3 Rc8 41. Nd4 Ne5 42. f4 Nd7 43. Rc2 Ra8 44. Rc7 Ra2+ 45. Kf3 Nf6 46. Rxb7 Nd5 47. Nf5+ Kf6 48. Nd6 Ra3 49. Ne4+ Ke6 50. Nc5+ Kd6 51. Ne4+ Ke6 52. f5+ Kxf5 53. Rxf7+ Ke6 54. Rb7 Rxe3+ 55. Kg4 Rxe4+ 56. Kh5 Re3 57. Kxh6 Rxh3+ 58. Kg7 Rb3 59. Kg6 Kd6 60. Kf5 Kc5 61. Ke5 Rxb5 62. Rxb5+ Kxb5 1/2-1/2

[Event "Queens Festival Europe 2022"]
[Site "Tornelo"]
[Date "2022.06.19"]
[Round "2.4"]
[White "van den Brink, Nienke"]
[Black "Rybackova, Lucie"]
[Result "0-1"]
[ECO "B43"]
[WhiteElo "1771"]
[BlackElo "1696"]
[Annotator "NA RC"]
[PlyCount "26"]
[EventDate "2022.06.19"]
[EventType "swiss"]
[EventCountry "NET"]
[SourceTitle "playchess.com"]
[Source "ChessBase"]
[SourceQuality "1"]
[TimeControl "180+2"]

1. e4 c5 2. Nf3 e6 3. d4 cxd4 4. Nxd4 a6 5. Nc3 Qc7 6. Be3 Bb4 7. Qd2 Nf6 8. f3 d5 9. Bf4 e5 10. Nf5 O-O 11. Bg5 Bxf5 12. exf5 d4 13. Bxf6 gxf6 0-1

[Event "Queens Festival Europe 2022"]
[Site "Tornelo"]
[Date "2022.06.19"]
[Round "2.5"]
[White "Maksimovic, Suzana"]
[Black "Sikorova, Olga"]
[Result "0-1"]
[ECO "A46"]
[WhiteElo "2145"]
[BlackElo "2173"]
[Annotator "NA RC"]
[PlyCount "82"]
[EventDate "2022.06.19"]
[EventType "swiss"]
[EventCountry "NET"]
[SourceTitle "playchess.com"]
[Source "ChessBase"]
[SourceQuality "1"]
[TimeControl "180+2"]

1. d4 Nf6 2. Bg5 e6 3. e4 h6 4. Bxf6 Qxf6 5. Nf3 g6 6. e5 Qg7 7. h4 b6 8. Nbd2 Bb7 9. Bd3 Nc6 10. c3 d6 11. Qe2 dxe5 12. dxe5 O-O-O 13. O-O-O Be7 14. Kb1 Rd7 15. Ba6 Rhd8 16. a3 g5 17. hxg5 hxg5 18. Bxb7+ Kxb7 19. g4 Qg6+ 20. Ka2 Qd3 21. Qxd3 Rxd3 22. Rh7 Rxf3 23. Nxf3 Rxd1 24. Rxf7 Rf1 25. Nd4 Nxd4 26. cxd4 Bd8 27. Rf8 Kc8 28. Rf7 Rd1 29. f4 gxf4 30. Rxf4 Bg5 31. Rf8+ Kb7 32. Rg8 Be3 33. Rg6 Rxd4 34. Rxe6 Rxg4 35. Re7 Re4 36. Kb3 Bd4 37. e6 Kc6 38. Re8 a5 39. Kc4 Bxb2+ 40. Kd3 Re5 41. a4 Kd6 0-1

[Event "Queens Festival Europe 2022"]
[Site "Tornelo"]
[Date "2022.06.19"]
[Round "2.5"]
[White "Stastna, Martina"]
[Black "Shuqja, Klean"]
[Result "0-1"]
[ECO "C90"]
[WhiteElo "1912"]
[BlackElo "1839"]
[Annotator "NA RC"]
[PlyCount "72"]
[EventDate "2022.06.19"]
[EventType "swiss"]
[EventCountry "NET"]
[SourceTitle "playchess.com"]
[Source "ChessBase"]
[SourceQuality "1"]
[TimeControl "180+2"]

1. e4 e5 2. Nf3 Nc6 3. Bb5 a6 4. Ba4 Nf6 5. O-O b5 6. Bb3 Be7 7. c3 d6 8. Re1 Nb8 9. d4 Nbd7 10. Nbd2 O-O 11. Nf1 Bb7 12. Bc2 Re8 13. Ng3 g6 14. Bh6 Bf8 15. Qd2 c5 16. d5 Bg7 17. Qg5 Bxh6 18. Qxh6 Ng4 19. Qd2 c4 20. h3 Ngf6 21. Qg5 Kh8 22. Qh6 Qe7 23. Nh2 Qf8 24. Qd2 Kg7 25. Ngf1 h6 26. Ne3 Nc5 27. Neg4 Ng8 28. a3 Qe7 29. Kh1 Bc8 30. Qe2 h5 31. Ne3 Nf6 32. Nef1 Rh8 33. Qd1 Bd7 34. b4 cxb3 35. Bxb3 Ncxe4 36. c4 Nxf2+ 0-1

[Event "Queens Festival Europe 2022"]
[Site "Tornelo"]
[Date "2022.06.19"]
[Round "2.5"]
[White "Trivella, Maria"]
[Black "Sainbayar, Anuurai"]
[Result "1-0"]
[ECO "A43"]
[WhiteElo "1269"]
[BlackElo "1512"]
[Annotator "NA RC"]
[PlyCount "51"]
[EventDate "2022.06.19"]
[EventType "swiss"]
[EventCountry "NET"]
[SourceTitle "playchess.com"]
[Source "ChessBase"]
[SourceQuality "1"]
[TimeControl "180+2"]

1. d4 e6 2. c4 c5 3. d5 exd5 4. cxd5 d6 5. Nc3 Bf5 6. Nf3 h6 7. e4 Bg4 8. Be2 Nf6 9. Qc2 Nbd7 10. h3 Bh5 11. Bf4 a6 12. g4 Bg6 13. Nh4 Bh7 14. Nf5 Ne5 15. O-O-O b5 16. Bxe5 dxe5 17. f3 Bxf5 18. gxf5 c4 19. f4 b4 20. Qa4+ Nd7 21. Nb1 Bd6 22. Bxc4 O-O 23. Nd2 Rc8 24. Kb1 Nb6 25. Qb3 Nxc4 26. Nxc4 1-0

[Event "Queens Festival Europe 2022"]
[Site "Tornelo"]
[Date "2022.06.19"]
[Round "2.6"]
[White "Machlik, Edit"]
[Black "Kordzadze, Nino"]
[Result "0-1"]
[ECO "A96"]
[WhiteElo "2084"]
[BlackElo "2043"]
[Annotator "NA RC"]
[PlyCount "116"]
[EventDate "2022.06.19"]
[EventType "swiss"]
[EventCountry "NET"]
[SourceTitle "playchess.com"]
[Source "ChessBase"]
[SourceQuality "1"]
[TimeControl "180+2"]

1. d4 e6 2. c4 f5 3. Nf3 Nf6 4. g3 Be7 5. Bg2 O-O 6. O-O d6 7. Nc3 a5 8. Qc2 Nc6 9. a3 e5 10. dxe5 dxe5 11. e4 fxe4 12. Nxe4 Bf5 13. Nxf6+ Rxf6 14. Qc3 e4 15. Ng5 Qd3 16. Qxd3 exd3 17. Bd5+ Kf8 18. Bf4 h6 19. Nf3 Bg4 20. Ne5 Bh3 21. Rfd1 g5 22. Nxc6 bxc6 23. Be5 cxd5 24. Bxf6 Bxf6 25. cxd5 Bf5 26. Rd2 Rd8 27. Rc1 Be5 28. f3 Bd4+ 29. Kf1 Be3 30. Rcd1 Bxd2 31. Rxd2 Rxd5 32. Kf2 c5 33. Ke3 c4 34. g4 Bg6 35. f4 gxf4+ 36. Kxf4 Rd4+ 37. Kf3 Ke7 38. h3 Kd6 39. h4 Kd5 40. g5 hxg5 41. hxg5 Re4 42. Rh2 Re2 43. Rh6 Be4+ 44. Kf4 Rf2+ 45. Ke3 Re2+ 46. Kf4 d2 47. Rh1 Re1 48. Rh8 d1=Q 49. Rd8+ Kc5 50. Rxd1 Rxd1 51. Kxe4 Rg1 52. Kf5 Kd4 53. Kf6 Kd3 54. g6 Kc2 55. Kf7 Kxb2 56. g7 Kxa3 57. g8=Q Rxg8 58. Kxg8 c3 0-1

[Event "Queens Festival Europe 2022"]
[Site "Tornelo"]
[Date "2022.06.19"]
[Round "2.6"]
[White "Bordin, Silvia"]
[Black "Grimaldi, Angela Flavia"]
[Result "1-0"]
[ECO "B36"]
[WhiteElo "1991"]
[BlackElo "1995"]
[Annotator "NA RC"]
[PlyCount "61"]
[EventDate "2022.06.19"]
[EventType "swiss"]
[EventCountry "NET"]
[SourceTitle "playchess.com"]
[Source "ChessBase"]
[SourceQuality "1"]
[TimeControl "180+2"]

1. e4 c5 2. Nf3 g6 3. d4 cxd4 4. Nxd4 Nc6 5. c4 Nf6 6. Nc3 Nxd4 7. Qxd4 d6 8. Be2 Bg7 9. Qd1 O-O 10. Be3 a5 11. O-O a4 12. f3 Qa5 13. Rc1 Be6 14. Qd2 Rfc8 15. b3 axb3 16. axb3 Qb4 17. Rb1 Nd7 18. Bd4 Bxd4+ 19. Qxd4 Qc5 20. Rfd1 Qxd4+ 21. Rxd4 Nc5 22. b4 Na4 23. Nd5 Bxd5 24. exd5 Nc3 25. Rb2 Ra1+ 26. Kf2 Nxe2 27. Rxe2 Kf8 28. Rc2 Ra4 29. Rb2 Ke8 30. Ke3 Kd7 31. Kd2 1-0

[Event "Queens Festival Europe 2022"]
[Site "Tornelo"]
[Date "2022.06.19"]
[Round "2.6"]
[White "Egger, Stefanie"]
[Black "Bayona, Karin Silvana"]
[Result "0-1"]
[ECO "D94"]
[WhiteElo "1700"]
[BlackElo "1793"]
[Annotator "NA RC"]
[PlyCount "88"]
[EventDate "2022.06.19"]
[EventType "swiss"]
[EventCountry "NET"]
[SourceTitle "playchess.com"]
[Source "ChessBase"]
[SourceQuality "1"]
[TimeControl "180+2"]

1. d4 Nf6 2. c4 g6 3. Nc3 d5 4. e3 Bg7 5. Nf3 O-O 6. Bd3 dxc4 7. Bxc4 Nbd7 8. O-O Nb6 9. Bb3 e6 10. e4 Nfd7 11. Bg5 Qe8 12. Re1 c5 13. d5 c4 14. Bc2 f6 15. Bf4 exd5 16. exd5 Qf7 17. d6 Ne5 18. Nxe5 fxe5 19. Bg3 Bd7 20. Ne4 Nd5 21. b3 cxb3 22. Bxb3 Be6 23. Rc1 Rad8 24. Qe2 Rd7 25. Bxd5 Bxd5 26. Red1 Bxe4 27. Qxe4 Qf6 28. h3 Rxd6 29. Rxd6 Qxd6 30. Re1 Re8 31. Qxb7 Kh8 32. Qxa7 Qd2 33. Qe3 Qd5 34. f4 Qxa2 35. fxe5 Qd5 36. e6 Bd4 37. Be5+ Qxe5 38. Qxd4 Qxd4+ 39. Kh2 Qd6+ 40. g3 Rxe6 41. Rf1 Re2+ 42. Kg1 Qc5+ 43. Kh1 Qd5+ 44. Kg1 Qg2# 0-1

[Event "Queens Festival Europe 2022"]
[Site "Tornelo"]
[Date "2022.06.19"]
[Round "2.6"]
[White "Valiyeva, Asnad"]
[Black "Jafarova, Aysel"]
[Result "1/2-1/2"]
[ECO "D00"]
[WhiteElo "1237"]
[BlackElo "1481"]
[Annotator "NA RC"]
[PlyCount "117"]
[EventDate "2022.06.19"]
[EventType "swiss"]
[EventCountry "NET"]
[SourceTitle "playchess.com"]
[Source "ChessBase"]
[SourceQuality "1"]
[TimeControl "180+2"]

1. d4 d5 2. Bf4 Nf6 3. e3 c5 4. c3 Nc6 5. Nd2 Qb6 6. Qb3 c4 7. Qc2 g6 8. b3 Bf5 9. Qc1 cxb3 10. axb3 Bg7 11. Ngf3 Nh5 12. Bg3 Nxg3 13. hxg3 a6 14. Be2 Rc8 15. Qb2 Qc7 16. O-O O-O 17. Nh4 Bd7 18. c4 e6 19. Rfc1 Qd8 20. Bf3 Ne7 21. Be2 Bc6 22. Nhf3 Nf5 23. Bd3 Nd6 24. c5 Nb5 25. b4 Qe7 26. Nb3 Qd7 27. Na5 Rfe8 28. Nxc6 Qxc6 29. Bxb5 Qxb5 30. Ra5 Qc6 31. b5 axb5 32. Qxb5 Ra8 33. Qxc6 bxc6 34. Rca1 Rxa5 35. Rxa5 e5 36. Ra6 exd4 37. exd4 Re6 38. Ra8+ Bf8 39. Ne5 Kg7 40. Rc8 Bxc5 41. dxc5 Rxe5 42. Rxc6 Re1+ 43. Kh2 d4 44. Rd6 Rc1 45. Rxd4 Rxc5 46. g4 Kf6 47. f3 Rc2 48. Kg3 Rc3 49. Rd5 Rc2 50. Ra5 h6 51. Ra6+ Kg7 52. Ra5 g5 53. Ra6 f6 54. Ra7+ Kg6 55. Ra8 Rc3 56. Kf2 Rc2+ 57. Kg3 Rc3 58. Kf2 Rc2+ 59. Kg3 1/2-1/2

[Event "Queens Festival Europe 2022"]
[Site "Tornelo"]
[Date "2022.06.19"]
[Round "2.7"]
[White "Steffensen, Elena"]
[Black "Ayzenberg, Alena"]
[Result "1-0"]
[ECO "C11"]
[WhiteElo "2044"]
[BlackElo "2016"]
[Annotator "NA RC"]
[PlyCount "63"]
[EventDate "2022.06.19"]
[EventType "swiss"]
[EventCountry "NET"]
[SourceTitle "playchess.com"]
[Source "ChessBase"]
[SourceQuality "1"]
[TimeControl "180+2"]

1. e4 e6 2. Nc3 d5 3. Nf3 Nf6 4. e5 Nfd7 5. d4 c5 6. dxc5 Bxc5 7. Bd3 Nc6 8. Bf4 Qc7 9. O-O a6 10. Re1 h6 11. Nxd5 exd5 12. e6 Qxf4 13. exd7+ Kxd7 14. Bxa6 Rxa6 15. Qxd5+ Bd6 16. c4 Ra5 17. Qd3 Kc7 18. a3 Bf5 19. Qc3 Be4 20. b4 Bxf3 21. g3 Qf5 22. bxa5 Nxa5 23. c5 Qxc5 24. Qxf3 Rf8 25. Rac1 Nc4 26. Qe4 Qc6 27. Qxc4 Qxc4 28. Rxc4+ Kd7 29. a4 Rb8 30. Rb1 b6 31. Rd1 Ra8 32. Rcd4 1-0

[Event "Queens Festival Europe 2022"]
[Site "Tornelo"]
[Date "2022.06.19"]
[Round "2.7"]
[White "Shabanaj, Eglantina"]
[Black "Deak-Sala, Emilia"]
[Result "0-1"]
[ECO "E61"]
[WhiteElo "1986"]
[BlackElo "1883"]
[Annotator "NA RC"]
[PlyCount "142"]
[EventDate "2022.06.19"]
[EventType "swiss"]
[EventCountry "NET"]
[SourceTitle "playchess.com"]
[Source "ChessBase"]
[SourceQuality "1"]
[TimeControl "180+2"]

1. d4 Nf6 2. c4 g6 3. Nc3 Bg7 4. Bg5 O-O 5. e3 d6 6. Nf3 Nbd7 7. Bd3 c5 8. O-O h6 9. Bxf6 Bxf6 10. Qe2 Bg7 11. Rfe1 b6 12. Rad1 Bb7 13. d5 a6 14. e4 Rb8 15. h3 Bc8 16. a4 Ne5 17. Nxe5 Bxe5 18. Qe3 Bxc3 19. bxc3 Kh7 20. e5 Bd7 21. e6 Bxa4 22. exf7 Rxf7 23. Ra1 b5 24. cxb5 axb5 25. Qe4 Rg7 26. Re3 Qf8 27. Rg3 Qf6 28. Re1 Bb3 29. Rf3 Qg5 30. Qe6 c4 31. Bb1 b4 32. cxb4 Rxb4 33. Rf7 c3 34. Rxg7+ Kxg7 35. Qxe7+ Qxe7 36. Rxe7+ Kf8 37. Rc7 Rc4 38. Rxc4 Bxc4 39. Bc2 Bxd5 40. f3 Kg7 41. Kf2 Bc4 42. Ke3 Bf1 43. Kf2 Bb5 44. g3 Kf6 45. Ke3 Ke5 46. f4+ Kd5 47. g4 g5 48. f5 Ke5 49. f6 Kxf6 50. Kd4 Bf1 51. Kxc3 Bxh3 52. Bf5 h5 53. Kd4 Bxg4 54. Be4 Bf5 55. Bg2 g4 56. Ke3 Kg5 57. Bd5 h4 58. Kf2 Bg6 59. Be6 Kf4 60. Bd5 g3+ 61. Kg1 h3 62. Be6 h2+ 63. Kg2 Be4+ 64. Kf1 h1=Q+ 65. Ke2 g2 66. Bd7 g1=Q 67. Kd2 Qf3 68. Bb5 Qgg2+ 69. Kc1 Qa3+ 70. Kd1 Bf3+ 71. Ke1 Qc1# 0-1

[Event "Queens Festival Europe 2022"]
[Site "Tornelo"]
[Date "2022.06.19"]
[Round "2.7"]
[White "Vukosavljevic, Tatjana"]
[Black "Thornton, Filipina"]
[Result "0-1"]
[ECO "A33"]
[WhiteElo "1758"]
[BlackElo "1660"]
[Annotator "NA RC"]
[PlyCount "86"]
[EventDate "2022.06.19"]
[EventType "swiss"]
[EventCountry "NET"]
[SourceTitle "playchess.com"]
[Source "ChessBase"]
[SourceQuality "1"]
[TimeControl "180+2"]

1. Nf3 c5 2. g3 d6 3. Bg2 Nc6 4. O-O Nf6 5. c4 e6 6. Nc3 Be7 7. d4 cxd4 8. Nxd4 Bd7 9. e3 O-O 10. b3 Rc8 11. Ndb5 a6 12. Nxd6 Rc7 13. Bb2 Ne8 14. Nce4 Bc8 15. Nxc8 Qxc8 16. Qc2 Nb4 17. Qc3 Nf6 18. a3 Nc6 19. Rfd1 Rd8 20. Rac1 e5 21. Qc2 Bf8 22. Nc3 Rcd7 23. Rxd7 Rxd7 24. Rd1 Ne7 25. Rd2 Ng6 26. Qd1 Rxd2 27. Qxd2 Qf5 28. Bxb7 Ng4 29. Bg2 h5 30. Qe2 h4 31. Bh3 Qd7 32. Bxg4 Qd6 33. Bf3 hxg3 34. hxg3 Ne7 35. Qd1 Qg6 36. Qb1 Qh6 37. Kg2 Ng6 38. Qh1 Qg5 39. Qh3 Qd8 40. Ne4 Be7 41. Nc3 Qd2 42. Nd5 Qxb2 43. Qc8+ Bf8 0-1

[Event "Queens Festival Europe 2022"]
[Site "Tornelo"]
[Date "2022.06.19"]
[Round "2.8"]
[White "Smith, Olivia"]
[Black "Tsakona, Maria"]
[Result "1-0"]
[ECO "B10"]
[WhiteElo "2039"]
[BlackElo "2007"]
[Annotator "NA RC"]
[PlyCount "133"]
[EventDate "2022.06.19"]
[EventType "swiss"]
[EventCountry "NET"]
[SourceTitle "playchess.com"]
[Source "ChessBase"]
[SourceQuality "1"]
[TimeControl "180+2"]

1. e4 c6 2. d3 d5 3. Nd2 e5 4. Ngf3 Bd6 5. g3 Nf6 6. Bg2 O-O 7. O-O Bg4 8. h3 Bh5 9. Kh2 Re8 10. Re1 Nbd7 11. Nf1 dxe4 12. dxe4 Bf8 13. g4 Bg6 14. Ng3 Qc7 15. Nh4 Rad8 16. Qe2 Nc5 17. Nhf5 a5 18. Bg5 Nfd7 19. Bxd8 Rxd8 20. Rad1 Re8 21. h4 Ne6 22. Qd2 Ndc5 23. Ne2 h5 24. gxh5 Bxh5 25. Nfg3 Bxe2 26. Qxe2 Nd4 27. Qg4 Nxc2 28. Rg1 Nd4 29. h5 Nce6 30. h6 g6 31. Nh5 Qe7 32. Ng3 Bxh6 33. Nf5 Nxf5 34. exf5 Nf4 35. fxg6 fxg6 36. Be4 Qf6 37. Rg3 Bg7 38. Rdg1 Rd8 39. Bxg6 Nxg6 40. Qxg6 Qxf2+ 41. R1g2 Qf8 42. Qxg7+ Qxg7 43. Rxg7+ Kf8 44. Rxb7 a4 45. Re2 Re8 46. Ra7 Re6 47. Rxa4 Kf7 48. Rae4 Kf6 49. a4 Kf5 50. a5 Rh6+ 51. Kg2 c5 52. Kf2 Rh2+ 53. Ke1 Rh1+ 54. Kd2 Ra1 55. Rxe5+ Kf6 56. Rxc5 Ra2 57. Kc3 Ra4 58. Kb3 Rf4 59. Rd2 Rf3+ 60. Kb4 Rf4+ 61. Kb5 Rf1 62. Rd6+ Ke7 63. Rb6 Rf2 64. Rc7+ Kd8 65. Rh7 Rxb2+ 66. Ka6 Re2 67. Rb8# 1-0

[Event "Queens Festival Europe 2022"]
[Site "Tornelo"]
[Date "2022.06.19"]
[Round "2.9"]
[White "Mdivani, Maka"]
[Black "Rahimli, Izzat"]
[Result "1-0"]
[ECO "C01"]
[WhiteElo "1901"]
[BlackElo "1817"]
[Annotator "NA RC"]
[PlyCount "117"]
[EventDate "2022.06.19"]
[EventType "swiss"]
[EventCountry "NET"]
[SourceTitle "playchess.com"]
[Source "ChessBase"]
[SourceQuality "1"]
[TimeControl "180+2"]

1. e4 e6 2. Nf3 d5 3. exd5 exd5 4. d4 Nf6 5. Bd3 Be7 6. O-O O-O 7. h3 h6 8. Bf4 b6 9. c4 Bb7 10. Nc3 Nbd7 11. Re1 c5 12. Rc1 Rc8 13. Qe2 Re8 14. Nb5 cxd4 15. Qd2 Ne4 16. Bxe4 dxe4 17. Nfxd4 Nc5 18. Rcd1 a6 19. Nc3 Bf6 20. Qe3 Nd3 21. Nf5 Qd7 22. Ng3 Bd4 23. Qe2 Nxe1 24. Qxe1 Bxc3 25. Rxd7 Bxe1 26. Rxb7 Rcd8 27. b3 Bd2 28. Bc7 Rd7 29. Ra7 Rc8 30. Bxb6 Rxa7 31. Bxa7 g6 32. Nxe4 Bc1 33. Bd4 f5 34. Nf6+ Kf7 35. Nd5 Re8 36. c5 Re1+ 37. Kh2 Bf4+ 38. Nxf4 Rd1 39. Be3 Ra1 40. c6 Rxa2 41. c7 Rc2 42. Nd5 Ke6 43. Nf4+ Kd7 44. Bb6 g5 45. Nd5 Rxf2 46. Nf6+ Kc8 47. Nd5 Rc2 48. Ne7+ Kb7 49. c8=Q+ Rxc8 50. Nxc8 Kxc8 51. Be3 f4 52. Bd4 h5 53. Kg1 Kc7 54. Kf2 Kc6 55. b4 Kb5 56. Bc3 g4 57. hxg4 hxg4 58. Bd2 f3 59. g3 1-0

[Event "Queens Festival Europe 2022"]
[Site "Tornelo"]
[Date "2022.06.19"]
[Round "2.9"]
[White "Farzaliyeva, Shams"]
[Black "Aydogan, Arya"]
[Result "0-1"]
[ECO "D31"]
[WhiteElo "1219"]
[BlackElo "1409"]
[Annotator "NA RC"]
[PlyCount "42"]
[EventDate "2022.06.19"]
[EventType "swiss"]
[EventCountry "NET"]
[SourceTitle "playchess.com"]
[Source "ChessBase"]
[SourceQuality "1"]
[TimeControl "180+2"]

1. d4 d5 2. c4 e6 3. Nc3 a6 4. Nf3 dxc4 5. e4 b5 6. a4 b4 7. Nb1 Bb7 8. e5 c5 9. Bxc4 cxd4 10. O-O Nc6 11. Nbd2 Bc5 12. Nb3 Ba7 13. Bg5 Nge7 14. Qd3 h6 15. Bxe7 Qxe7 16. Nbxd4 Nxd4 17. Nxd4 Rd8 18. Nc6 Bxc6 19. Qg3 O-O 20. Rad1 Rxd1 21. Rxd1 Rd8 0-1

[Event "Queens Festival Europe 2022"]
[Site "Tornelo"]
[Date "2022.06.19"]
[Round "2.10"]
[White "Roy, Ali"]
[Black "Malikova, Ulviyya"]
[Result "0-1"]
[ECO "A41"]
[WhiteElo "1893"]
[BlackElo "1805"]
[Annotator "NA RC"]
[PlyCount "66"]
[EventDate "2022.06.19"]
[EventType "swiss"]
[EventCountry "NET"]
[SourceTitle "playchess.com"]
[Source "ChessBase"]
[SourceQuality "1"]
[TimeControl "180+2"]

1. Nf3 g6 2. g3 Bg7 3. Bg2 d6 4. O-O c6 5. d4 Qc7 6. c4 Nd7 7. Nc3 e5 8. dxe5 dxe5 9. Qc2 Ne7 10. b3 O-O 11. Bb2 h6 12. Rad1 f5 13. e4 Nc5 14. b4 Ne6 15. c5 Kh7 16. Rd6 Nd4 17. Nxd4 exd4 18. Ne2 Be5 19. Bxd4 Bxd6 20. cxd6 Qxd6 21. Rd1 Qe6 22. Bc5 b6 23. Nf4 Qf7 24. Bd6 Bb7 25. e5 Nd5 26. e6 Qf6 27. Bxd5 cxd5 28. Qc7+ Qg7 29. e7 Rfe8 30. Ne6 Qf6 31. Nf8+ Kg8 32. Qxb7 Qf7 33. Rxd5 Rac8 0-1

[Event "Queens Festival Europe 2022"]
[Site "Tornelo"]
[Date "2022.06.19"]
[Round "2.10"]
[White "Ostafiev, Cristina"]
[Black "Vujovic, Vera"]
[Result "0-1"]
[ECO "B50"]
[WhiteElo "1173"]
[BlackElo "1353"]
[Annotator "NA RC"]
[PlyCount "58"]
[EventDate "2022.06.19"]
[EventType "swiss"]
[EventCountry "NET"]
[SourceTitle "playchess.com"]
[Source "ChessBase"]
[SourceQuality "1"]
[TimeControl "180+2"]

1. e4 c5 2. Nc3 d6 3. Bc4 Nf6 4. d3 g6 5. Bg5 Bg7 6. Nf3 Nc6 7. Qd2 a6 8. a3 O-O 9. h4 h5 10. Bh6 e6 11. Nh2 d5 12. exd5 exd5 13. Bb3 Re8+ 14. Ne2 Nd4 15. Be3 Qe7 16. O-O-O Nxe2+ 17. Qxe2 d4 18. Qf3 dxe3 19. fxe3 Qxe3+ 20. Qxe3 Rxe3 21. d4 cxd4 22. Rxd4 Bg4 23. Nxg4 Nxg4 24. Rf1 Bxd4 25. Rxf7 Kh8 26. Rxb7 Rae8 27. Rd7 Bg7 28. Kd2 Re2+ 29. Kd3 R8e3+ 0-1

[Event "Queens Festival Europe 2022"]
[Site "Tornelo"]
[Date "2022.06.19"]
[Round "2.13"]
[White "Malaieru, Alexandra-Gabriela"]
[Black "Caku, Kler"]
[Result "0-1"]
[ECO "A47"]
[WhiteElo "1129"]
[BlackElo "1542"]
[Annotator "NA RC"]
[PlyCount "70"]
[EventDate "2022.06.19"]
[EventType "swiss"]
[EventCountry "NET"]
[SourceTitle "playchess.com"]
[Source "ChessBase"]
[SourceQuality "1"]
[TimeControl "180+2"]

1. d4 d5 2. e3 e6 3. Nf3 Nf6 4. Bd3 Nbd7 5. Nbd2 Be7 6. O-O b6 7. e4 dxe4 8. Nxe4 Bb7 9. Qe2 O-O 10. Bf4 c5 11. c3 Nd5 12. Bg3 cxd4 13. Nxd4 Nc5 14. Nxc5 Bxc5 15. Qe4 g6 16. Bh4 Qc7 17. Bg3 Qd7 18. Qh4 Be7 19. Qe4 Nxc3 20. Qe1 Qxd4 21. bxc3 Qxd3 22. Rd1 Qb5 23. Be5 Qc6 24. f3 Rfd8 25. Bd4 Bc5 26. Bxc5 Qxc5+ 27. Kh1 Qc7 28. Qe3 Rxd1 29. Rxd1 Rd8 30. Rxd8+ Qxd8 31. h3 Qd1+ 32. Kh2 Qd6+ 33. Kh1 Qc5 34. Qe2 Qxc3 35. Qf1 Bd5 0-1

[Event "Queens Festival Europe 2022"]
[Site "Tornelo"]
[Date "2022.06.19"]
[Round "2.15"]
[White "Helgadottir, Idunn"]
[Black "Ismayilova, Salbinaz"]
[Result "1-0"]
[ECO "D32"]
[WhiteElo "1570"]
[BlackElo "1090"]
[Annotator "NA RC"]
[PlyCount "91"]
[EventDate "2022.06.19"]
[EventType "swiss"]
[EventCountry "NET"]
[SourceTitle "playchess.com"]
[Source "ChessBase"]
[SourceQuality "1"]
[TimeControl "180+2"]

1. d4 d5 2. c4 e6 3. Nc3 c5 4. Nf3 Nf6 5. Bg5 Nc6 6. cxd5 exd5 7. Bxf6 Qxf6 8. Nxd5 Qd6 9. dxc5 Qd7 10. Rc1 Qd8 11. Qd2 Be6 12. Nc3 Qxd2+ 13. Nxd2 Bxc5 14. Nb5 Bb6 15. Nd6+ Ke7 16. Nxb7 Rab8 17. Nc5 Bxc5 18. Rxc5 Nd4 19. b3 Rb7 20. e3 Nf5 21. Ba6 Rd7 22. Bc8 Rd6 23. Bxe6 Kxe6 24. Nf3 Rhd8 25. O-O Ne7 26. Ng5+ Kf6 27. Ne4+ Ke6 28. Nxd6 Rxd6 29. Rc7 a6 30. Rfc1 Nf5 31. h3 Nh6 32. R7c4 Rd2 33. Rc6+ Ke5 34. Rxa6 Rd7 35. b4 Rb7 36. Rb1 Kd5 37. b5 Kc5 38. Rc6+ Kd5 39. Rc2 Nf5 40. a4 Nd6 41. b6 Nc4 42. a5 Nxa5 43. Rb5+ Kd6 44. Rxa5 Rxb6 45. Ra7 Rb1+ 46. Kh2 1-0

[Event "Queens Festival Europe 2022"]
[Site "Tornelo"]
[Date "2022.06.19"]
[Round "3.1"]
[White "Ibrahimova, Sabina"]
[Black "Richtrova, Eliska"]
[Result "1-0"]
[ECO "B07"]
[WhiteElo "2146"]
[BlackElo "2204"]
[Annotator "NA RC"]
[PlyCount "61"]
[EventDate "2022.06.19"]
[EventType "swiss"]
[EventCountry "NET"]
[SourceTitle "playchess.com"]
[Source "ChessBase"]
[SourceQuality "1"]
[TimeControl "180+2"]

1. e4 d6 2. d4 Nf6 3. Nc3 g6 4. Be2 c6 5. h4 h5 6. f3 Nbd7 7. Be3 e5 8. Qd2 Qa5 9. Nh3 b5 10. Ng5 b4 11. Nd1 Nb6 12. a3 c5 13. dxe5 dxe5 14. O-O Ba6 15. Nf2 Bxe2 16. Qxe2 Be7 17. axb4 Qxb4 18. Nd3 Qb5 19. Qf2 c4 20. Nxe5 Qxe5 21. Bxb6 O-O 22. Bd4 Qb5 23. c3 a5 24. e5 Nd5 25. f4 Rab8 26. Rab1 Nc7 27. f5 Qd5 28. e6 fxe6 29. f6 Bd6 30. f7+ Rxf7 31. Qxf7# 1-0

[Event "Queens Festival Europe 2022"]
[Site "Tornelo"]
[Date "2022.06.19"]
[Round "3.1"]
[White "Grigoryan, Meri"]
[Black "Sava, Ana-Maria"]
[Result "1-0"]
[ECO "A41"]
[WhiteElo "1993"]
[BlackElo "1916"]
[Annotator "NA RC"]
[PlyCount "67"]
[EventDate "2022.06.19"]
[EventType "swiss"]
[EventCountry "NET"]
[SourceTitle "playchess.com"]
[Source "ChessBase"]
[SourceQuality "1"]
[TimeControl "180+2"]

1. d4 g6 2. c4 Bg7 3. Nc3 d6 4. Nf3 Bg4 5. e3 Nd7 6. h3 Bxf3 7. Qxf3 c6 8. Bd3 e5 9. d5 c5 10. Ne4 Ndf6 11. Nxf6+ Nxf6 12. e4 a6 13. O-O O-O 14. Bg5 h6 15. Bd2 Kh7 16. g4 Rb8 17. a4 Qd7 18. Qg3 h5 19. f3 Rh8 20. Kg2 Kg8 21. Rh1 Bh6 22. g5 h4 23. Qf2 Nh5 24. gxh6 f6 25. f4 Ng3 26. Rhe1 Rf8 27. f5 g5 28. b4 b6 29. bxc5 bxc5 30. Reb1 Rxh6 31. Rb6 Rc8 32. Rab1 Rh7 33. Rxa6 Nh5 34. Rab6 1-0